 Dungeon Crawl Stone Soup version 0.23-a0-650-ga4d50d4d25 (webtiles) character file.

64 Adamkad1 the Insei (level 3, -6/29 HPs)
             Began as a Draconian Transmuter on Jan 5, 2019.
             Killed by divine providence
             ... invoked by an orc priest
              (13 damage)
             ... on level 2 of the Dungeon.
             The game lasted 00:02:29 (2404 turns).

Adamkad1 the Insei (Draconian Transmuter)           Turns: 2404, Time: 00:02:30

Health: -6/29      AC:  5    Str: 12    XL:     3   Next: 91%
Magic:  5/6        EV: 12    Int: 13    God:
Gold:   126        SH:  0    Dex: 12    Spells: 5/6 levels left

rFire    . . .     SeeInvis .     - Unarmed
rCold    . . .     Gourm    .   (no shield)
rNeg     . . .     Faith    .   (armour unavailable)
rPois    .         Spirit   .   (helmet restricted)
rElec    .         Reflect  .   (no cloak)
rCorr    .         Harm     .   (no gloves)
MR       .....                  (boots currently unavailable)
Stlth    +.........             (no amulet)
HPRegen  0.09/turn              (no ring)
MPRegen  0.10/turn              (no ring)

@: lethally poisoned (-6 -> -18), appendage
A: unfitting armour, talons 3, cold-blooded, AC +5
a: End Transformation


You were on level 2 of the Dungeon.
You were not hungry.
You had grown temporary talons.
You visited 1 branch of the dungeon, and saw 3 of its levels.

You collected 126 gold pieces.

Inventory:

Missiles
 a - 26 arrows
Jewellery
 i - an uncursed ring of protection from cold {unknown}
Scrolls
 e - a scroll of remove curse {unknown}
 f - a scroll of enchant armour {unknown}
 g - 3 scrolls of identify {unknown}
 h - 2 scrolls of fog {unknown}
 j - a scroll of fear {unknown}
Potions
 b - a potion of agility {unknown}
 d - a potion of ambrosia {unknown}
 k - a potion of brilliance {unknown}
Comestibles
 c - 9 rations


   Skills:
 + Level 1.9 Fighting
 + Level 2.2 Dodging
 + Level 3.3 Unarmed Combat
 + Level 2.4 Spellcasting
 * Level 2.8 Transmutations


You had 5 spell levels left.
You knew the following spells:

 Your Spells              Type           Power        Failure   Level  Hunger
a - Beastly Appendage     Tmut           #.....       8%          1    #......

Your spell library contained the following spells:

 Spells                   Type           Power        Failure   Level  Hunger
 Sticks to Snakes         Tmut           #.......     12%         2    ###....
 Spider Form              Tmut/Pois      #.........   38%         3    ###....
 Ice Form                 Ice/Tmut       #.......     80%         4    #####..
 Blade Hands              Tmut           #.........   91%         5    ######.


Dungeon Overview and Level Annotations

Branches:
Dungeon (3/15)

Altars:
Ru


Innate Abilities, Weirdness & Mutations

Your plain brown scales are hard. (AC +5)
You cannot fit into any form of body armour.
You are cold-blooded and may be slowed by cold attacks.
You have claws for feet.


Message History

Unknown command.
Casting: Beastly Appendage (safe; 8% risk of failure)
Confirm with . or Enter, or press ? or * to list all spells.
Your feet morph into talons.
You feel sick. The orc priest barely misses you. The worker ant bites you.
You hit the orc priest. You tail-slap the orc priest.
The orc priest is heavily wounded.
The worker ant bites you!
* * * LOW HITPOINT WARNING * * *
You are lethally poisoned!
The worker ant poisons you!
The orc priest hits you but does no damage.
You closely miss the orc priest.
You tail-slap the orc priest, but do no damage.
The orc priest is heavily wounded.
* * * LOW HITPOINT WARNING * * *
You feel sick. The worker ant barely misses you.
The orc priest invokes the aid of Beogh against you.
Beogh smites you!
You die...

##.#.# #.# #.# ##.#.#
########## #.# #.# ##.#.#
#........# #.# #.# .....#
#.######.# #.# #.# ##...#
#.# #.# #.# #.# # ##...#
#.# #.# #.# #.# ## ##...#
#.######.####.# #.###.
#...# #<##...o#a....#
####....# ##...#
#.##.###@####.###.######.
##...####.##.# #)#
#....#.......
..........##.# #.#
#####.###.###
###....).....# #.#
#.##..... # #.##.#######
#.########.##.####
#......# #..........##.#
# ##..###.#
#.###########.# # #...#
#.# #.# ##.## #
##...###.# #.# #...###


You could see a worker ant and an orc priest.

Vanquished Creatures
  An adder (D:2)
  2 worms
  3 dart slugs
  4 orcs
  2 giant cockroaches
  A goblin (D:1)
  7 hobgoblins
  A ball python (D:1)
  5 bats
  3 frilled lizards
  7 kobolds
  4 rats
40 creatures vanquished.

Notes
Turn   | Place    | Note
-------+----------+-------------------------------------------
     0 | D:1      | Adamkad1 the Draconian Transmuter began the quest for the
                  | Orb.
     0 | D:1      | Reached XP level 1. HP: 16/16 MP: 3/3
   420 | D:1      | Reached XP level 2. HP: 23/23 MP: 3/5
   801 | D:2      | Reached XP level 3. HP: 22/29 MP: 4/6
  1588 | D:2      | Found a sacrificial altar of Ru.
  2404 | D:2      | Killed from afar by an orc priest

Vault maps used:
D:1:      zaba_arrival_water, minmay_cut_off
D:2:      nicolae_ru_path_of_blood
D:3:      minmay_mini_jars

Skill      XL: |  1  2 |
---------------+-------+-----
Dodging        | 2 |  2.2
Fighting       | |  1.9
Unarmed Combat | |  3.3
Spellcasting   | |  2.4
Transmutations | |  2.8

Action                   || total
-------------------------++-------
Melee: Unarmed           ||   135
       Kick              ||    14
       Tailslap          ||    14
       Headbutt          ||     2
       Punch             ||     2
 Cast: Beastly Appendage ||    26
 Stab: Sleeping          ||     2
  Eat: Chunk             ||     5
Armor: Skin              ||    37
Dodge: Dodged            ||    83

Table legend:
 A = Non-vault XP
 B = Vault XP
 C = Vault XP percentage of total XP
 D = Non-vault monster count
 E = Vault monster count
 F = Vault count percentage of total count
                 A         B        C        D         E       F
            +---------+---------+-------+---------+---------+-------
      Total |      85 |       7 |   7.6 |      36 |       4 |  10.0
            +---------+---------+-------+---------+---------+-------
        D:1 |      24 |       7 |  22.6 |      14 |       4 |  22.2
        D:2 |      49 |       0 |   0.0 |      17 |       0 |   0.0
        D:3 |      12 |       0 |   0.0 |       5 |       0 |   0.0
            +---------+---------+-------+---------+---------+-------
